 Dungeon Crawl Stone Soup version 0.28.0-49-g6dfe1f597d (webtiles) character file.

Game seed: 7537870653145169154

336 nickcage the Gusty (level 6, -1/32 HPs)
             Began as a Deep Elf Air Elementalist on May 16, 2022.
             Slain by a gnoll sergeant
             ... wielding a +0 spear
              (8 damage)
             ... on level 5 of the Dungeon.
             The game lasted 00:09:55 (4301 turns).

nickcage the Gusty (Deep Elf Air Elementalist)      Turns: 4301, Time: 00:09:55

Health: -1/32      AC:  2    Str:  5    XL:     6   Next: 28%
Magic:  1/12       EV: 12    Int: 22    God:
Gold:   191        SH:  0    Dex: 15    Spells: 3/11 levels left

rFire   . . .      SeeInvis .   b - +1 dagger (freeze)
rCold   . . .      Faith    .   (no shield)
rNeg    . . .      Spirit   .   a - +0 robe
rPois   .          Reflect  .   g - +0 hat
rElec   .          Harm     .   (no cloak)
rCorr   .          Rampage  .   (no gloves)
Will    .....                   (no boots)
Stlth   ++........              (no amulet)
HPRegen 0.10/turn               (no ring)
MPRegen 0.13/turn               (no ring)

@: no status effects
A: no striking features
a: no special abilities


You were on level 5 of the Dungeon.
You visited 1 branch of the dungeon, and saw 5 of its levels.

You collected 191 gold pieces.

Inventory:

Hand Weapons
 b - a +1 dagger of freezing (weapon)
Armour
 a - a +0 robe (worn)
 g - a +0 hat (worn)
Jewellery
 s - an amulet of guardian spirit
Wands
 n - a wand of polymorph (10)
Scrolls
 d - a scroll of brand weapon
 q - 3 scrolls of blinking
 r - a scroll of teleportation
Potions
 c - a potion of mutation {unknown}
 e - a potion of haste
 f - a potion of attraction {unknown}
 h - 2 potions of curing {unknown}
 j - a potion of cancellation {unknown}
 m - a potion of flight {unknown}
 o - a potion of might {unknown}
 t - a potion of lignification {unknown}


   Skills:
 - Level 2.4 Dodging
 - Level 2.4 Stealth
 - Level 3.0 Spellcasting
 - Level 2.0 Conjurations
 + Level 6.9 Air Magic


You had 3 spell levels left.
You knew the following spells:

 Your Spells              Type           Power      Damage    Failure   Level
a - Shock                 Conj/Air       92%        1d8       1%          1
b - Swiftness             Air            34%        N/A       2%          3
c - Airstrike             Air            17%        N/A       7%          4

Your spell library contained the following spells:

 Spells                   Type           Power      Damage    Failure   Level
 Static Discharge         Conj/Air       23%        N/A       3%          2
 Poisonous Vapours        Pois/Air       36%        N/A       4%          2
 Animate Skeleton         Necr           6%         N/A       12%         1
 Apportation              Tloc           6%         N/A       12%         1
 Sting                    Tmut/Pois      12%        1d3       12%         1
 Summon Small Mammal      Summ           12%        N/A       12%         1
 Olgreb's Toxic Radiance  Pois           3%         N/A       77%         4


Dungeon Overview and Level Annotations

Branches:
Dungeon (5/15)
 Temple: D:4-7

Altars:


Message History

The gnoll is severely wounded.
The zap hits the gnoll!
The gnoll is almost dead.
The zap hits the gnoll.
You kill the gnoll!
The zap hits the gnoll.
You kill the gnoll!
The zap hits the gnoll sergeant.
The gnoll sergeant is lightly wounded.
The zap hits the gnoll!
The gnoll is heavily wounded.
The zap hits the gnoll!
The gnoll is severely wounded.
The zap hits the gnoll!
You kill the gnoll!
The zap hits the gnoll sergeant.
The gnoll sergeant is moderately wounded.
You hear a distant slurping noise.
Casting: Shock (safe; 1% risk of failure)
Confirm with . or Enter, or press ? or * to list all spells.
The spell is quite dangerous to miscast (7% risk of failure)!
Continue anyway?
Aiming: Airstrike (quite dangerous; 7% risk of failure)
Press: ? - help, Dir - move target, f - gnoll sergeant
Aim: a gnoll sergeant, wielding a +0 spear and wearing a +0 ring mail (moderately wounded, empty space bonus: 8/8)
The air twists around and strikes the gnoll sergeant!
The gnoll sergeant is almost dead.
The gnoll sergeant misses you.
The gnoll sergeant hits you from afar with a +0 spear.
The gnoll throws a throwing net.
The throwing net hits you.
You become entangled in the net!
The gnoll sergeant hits you from afar with a +0 spear.
You see here a throwing net.
You struggle against the net.
The gnoll sergeant hits you from afar with a +0 spear!
You tear a large gash into the net.
The gnoll barely misses you.
The gnoll sergeant hits you from afar with a +0 spear.
You shred the net and break free! The gnoll hits you with a +0 club.
* * * LOW HITPOINT WARNING * * *
The gnoll sergeant hits you from afar with a +0 spear!
You die...

#.....# #....# ... #.....#
+....# .... #.....+ ..).#
.... #+###§....#######.).
.....
.§§§§§..........##)##.....
.§§§§#####.............#
§§§§§# #........g....+
§§§§§# #......g......#
...§§# #......@......#
.....# #.............#
.....# #####+#.......#
###+## +.......# #.......#
#.....### #.....+ #.....#


You could see a gnoll sergeant and a gnoll.

Vanquished Creatures
  A necrophage (D:3)
  A hound (D:4)
  A centaur skeleton (D:4)
  2 iguanas (D:4)
  4 gnolls (D:5)
  3 adders
  2 worms (D:2)
  A dart slug (D:1)
  4 orcs (D:4)
  7 bats
  5 endoplasms
  4 giant cockroaches
  4 goblins
  9 hobgoblins
  6 jackals
  9 kobolds
  A quokka (D:4)
  3 ball pythons
  2 frilled lizards
  5 rats
74 creatures vanquished.

Notes
Turn   | Place    | Note
-------+----------+-------------------------------------------
     0 | D:1      | nickcage the Deep Elf Air Elementalist began the quest for
                  | the Orb.
     0 | D:1      | Reached XP level 1. HP: 10/10 MP: 6/6
   222 | D:1      | Reached XP level 2. HP: 15/15 MP: 6/8
   712 | D:1      | Reached skill level 4 in Air Magic
   746 | D:1      | Found a faded altar of an unknown god.
   895 | D:1      | Reached XP level 3. HP: 19/19 MP: 6/9
   899 | D:1      | Learned a level 3 spell: Swiftness
  2144 | D:2      | Reached XP level 4. HP: 21/24 MP: 6/10
  2340 | D:2      | Learned a level 4 spell: Airstrike
  2830 | D:3      | Noticed a necrophage
  2838 | D:3      | Killed a necrophage
  2839 | D:3      | Reached skill level 5 in Air Magic
  2839 | D:3      | Reached XP level 5. HP: 11/28 MP: 4/11
  3391 | D:4      | Reached skill level 6 in Air Magic
  3818 | D:4      | Reached XP level 6. HP: 32/32 MP: 10/12
  4263 | D:5      | Entered Level 5 of the Dungeon
  4301 | D:5      | Slain by a gnoll sergeant

Illustrated notes

Levels and vault maps discovered:
D:1:      minmay_arrival_plants_in_alcoves, layout_loops_ring,
          hellmonk_ecumenical_altar_slurped_away
D:2:      layout_loops_ring
D:3:      layout_basic
D:4:      layout_loops_corners
D:5:      layout_gridville, enter_ossuary_5, uniq_menkaure

Skill      XL: |  1  2  3  4  5 |
---------------+----------------+-----
Air Magic      | 4 5 6 |  6.9
Conjurations   | 2 |  2.0
Dodging        | |  2.4
Stealth        | |  2.4
Spellcasting   | |  3.0

Action                   |  1- 3 |  4- 6 || total
-------------------------+-------+-------++-------
Melee: Dagger            |     1 |       ||     1
 Cast: Shock             |    98 |    69 ||   167
       Airstrike         |       |     2 ||     2
  Use: Scroll            |       |     9 ||     9
Armor: Robe              |     4 |     2 ||     6
Dodge: Dodged            |    10 |    11 ||    21
